Map: Vigília Leste LE

Players

hekoh - Winner!

  • Race: Protoss Protoss
  • League: Silver
  • Spawn Location: 7:00

IagoAbreu

  • Race: Terran Terran
  • League: Gold
  • Spawn Location: 1:00

VOD

Have the link to the VOD?

Description

Time

  • Played on: March 10, 2018, 6:02 p.m.
  • Length: 15:26
Show
View Real Time Build Order
Export as new Build Order

hekoh Protoss - Winner!

Build Orders:  

Get SALT Encoding   

  12  0:02  Probe  
  13  0:14  Probe  
  13  0:20  Pylon  
  14  0:26  Probe  
  15  0:32  Assimilator  
  15  0:44  Gateway  
  15  0:49  Probe (Chrono Boost)  
  16  1:01  Probe (Chrono Boost)  
  17  1:06  Probe (Chrono Boost)  
  18  1:15  Probe  
  18  1:16  Gateway  
  19  1:21  Pylon  
  19  1:31  Pylon  
  19  1:39  Probe, Cybernetics Core  
  20  1:48  Pylon  
  20  1:59  Pylon  
  20  2:15  Adept (Chrono Boost)  
  20  2:16  Adept (Chrono Boost)  
  20  2:17  Pylon  
  24  2:30  Twilight Council  
  24  2:34  Assimilator  
  24  2:53  Pylon  
  24  2:56  Probe  
  25  3:03  Warp Gate (Chrono Boost)  
  25  3:09  Probe  
  26  3:19  Nexus  
  26  3:43  Probe  
  26  3:46  Charge  
  27  3:53  Adept  
  27  3:54  Adept  
  27  3:55  Probe  
  32  4:07  Probe  
  32  4:08  Robotics Facility  
  33  4:19  Probe  
  35  4:31  Probe x2  
  36  4:43  Probe x2  
  38  4:55  Probe  
  38  4:56  Probe  
  40  5:01  Pylon  
  40  5:07  Probe  
  40  5:08  Observer, Probe  
  43  5:19  Probe  
  43  5:20  Probe  
  45  5:30  Gateway x2  
  45  5:31  Probe  
  46  5:36  Pylon  
  46  5:37  Immortal  
  50  5:46  Probe x2  
  52  5:53  Stalker x2, Shield Battery  
  56  6:02  Assimilator  
  56  6:03  Probe x2  
  58  6:05  Assimilator  
  58  6:15  Probe x2  
  58  6:16  Immortal  
  64  6:20  Zealot x2  
  68  6:27  Probe  
  69  6:35  Forge  
  69  6:39  Pylon  
  66  6:49  Stalker x2  
  66  6:50  Stalker  
  66  6:52  Stalker  
  61  7:21  Stalker x4  
  69  7:42  Stargate x2  
  69  7:44  Stargate  
  69  7:47  Photon Cannon  
  69  7:52  Photon Cannon  
  69  7:55  Photon Cannon, Pylon  
  69  8:01  Stalker  
  69  8:02  Stalker x2  
  75  8:09  Observer  
  76  8:13  Protoss Shields Level 1 (Chrono Boost)  
  76  8:14  Protoss Air Weapons Level 1  
  75  8:31  Void Ray x2 (Chrono Boost)  
  75  8:37  Phoenix (Chrono Boost)  
  83  9:14  Stalker x3  
  83  9:15  Stalker  
  83  9:32  Void Ray x2 (Chrono Boost)  
  91  9:43  Photon Cannon  
  91  9:46  Photon Cannon  
  91  9:47  Probe x2  
  93  9:58  Fleet Beacon  
  93  9:59  Pylon  
  93  10:32  Carrier (Chrono Boost)  
  93  10:38  Nexus  
  93  10:42  Pylon x2  
  93  10:43  Pylon  
  99  10:57  Carrier (Chrono Boost)  
  105  11:09  Mothership (Chrono Boost)  
  113  11:39  Carrier (Chrono Boost)  
  119  11:49  Graviton Catapult  
  119  11:55  Blink  
  119  12:10  Probe x2 (Chrono Boost)  
  119  12:14  Protoss Air Armor Level 1 (Chrono Boost)  
  121  12:20  Probe  
  121  12:21  Protoss Ground Weapons Level 1, Probe  
  123  12:33  Probe  
  123  12:35  Warp Prism (Chrono Boost)  
  132  13:01  Stalker x2  
  132  13:02  Stalker x2, Carrier (Chrono Boost)  
  140  13:08  Assimilator  
  140  13:10  Assimilator  
  140  13:11  Photon Cannon  
  140  13:12  Photon Cannon  
  128  14:00  Zealot x3  
  128  14:01  Zealot  
Show
View Real Time Build Order
Export as new Build Order

IagoAbreu Terran 

Build Orders: Liberator Opening 

Get SALT Encoding   

  12  0:12  Supply Depot  
  12  0:15  SCV  
  13  0:24  Refinery  
  13  0:27  SCV  
  14  0:36  Supply Depot  
  14  0:41  SCV  
  15  0:59  SCV, Barracks  
  16  1:11  SCV  
  16  1:14  Refinery  
  17  1:23  SCV  
  18  1:35  SCV  
  19  1:55  Marine, Factory  
  19  1:58  SCV  
  21  2:11  Orbital Command  
  21  2:13  Marine  
  22  2:31  Marine  
  23  2:40  SCV  
  24  2:44  Starport  
  24  2:49  Starport  
  24  2:52  Starport  
  24  3:04  Marine  
  25  3:08  Factory Reactor  
  25  3:16  SCV  
  25  3:28  SCV  
  25  3:29  Marine  
  25  3:30  Liberator  
  30  3:51  Liberator x2  
  30  3:57  Supply Depot x2  
  30  3:58  Supply Depot  
  36  4:12  Widow Mine  
  38  4:18  Widow Mine  
  38  5:01  Marine  
  39  5:09  Command Center  
  39  5:14  Armory  
  39  5:19  Marine  
  39  5:20  Starport Tech Lab x2  
  40  5:23  Starport Tech Lab  
  40  5:25  Widow Mine x2  
  44  5:47  Banshee x3  
  53  6:16  Terran Ship Weapons Level 1  
  53  6:22  Orbital Command  
  53  6:27  Command Center  
  53  6:53  Liberator  
  53  6:54  Liberator  
  56  7:23  Orbital Command  
  56  7:39  SCV  
  56  7:44  Orbital Command  
  57  7:46  Refinery  
  57  7:47  Refinery  
  57  7:51  SCV  
  57  7:55  Fusion Core  
  58  8:01  Starport  
  58  8:03  SCV  
  59  8:13  Factory Tech Lab  
  59  8:37  Engineering Bay  
  59  8:41  Raven  
  42  9:37  Battlecruiser x2  
  48  9:49  SCV  
  49  9:55  Orbital Command  
  49  10:01  SCV, Refinery  
  49  10:06  Refinery  
  53  10:07  Siege Tank  
  53  10:11  Starport Tech Lab  
  53  10:13  SCV  
  54  10:35  SCV  
  55  10:39  Siege Tank  
  58  10:44  Battlecruiser  
  58  10:47  Viking x3  
  70  11:26  Battlecruiser x2  
  70  11:32  Viking  
  84  11:46  Weapon Refit  
  84  11:48  Viking  
  86  12:09  Viking  
  88  12:45  Bunker  
  88  12:46  Marine x2  
  90  13:04  Marine x2  
  98  13:05  Battlecruiser  
  98  13:06  Battlecruiser  
  104  13:18  Supply Depot  
  104  13:20  Supply Depot  
  104  13:30  Supply Depot  
  104  13:40  Battlecruiser x2  
  72  14:09  Viking  
  70  14:10  Viking  
  57  14:39  Viking  
  57  14:40  Viking  
  57  14:44  Viking x2  
Tags
 
Add a new tag
Caveats
  • Supply blocks, unpowered buildings, or Contaminate may cause inaccurate times.
  • Supply counts are checked every 10 seconds.